Map: [G8] Babylon

Players

Reynor - Winner!

  • Race: Zerg Zerg
  • Spawn Location: 5:00

Clem

  • Race: Terran Terran
  • Spawn Location: 11:00

Event: Gamers8 2023

VOD

Have the link to the VOD?

Description

Time

  • Played on: Aug. 6, 2023, 11:25 a.m.
  • Length: 20:17

All games in this series

Show
View Real Time Build Order
Export as new Build Order

Reynor Zerg - Winner!

Build Orders: Hatch First 

Get SALT Encoding   

  12  0:00  Drone  
  13  0:12  Overlord  
  13  0:17  Drone  
  14  0:31  Drone x2  
  16  0:48  Hatchery  
  15  0:51  Drone  
  15  0:55  Drone  
  17  0:58  Drone  
  18  1:09  Extractor  
  17  1:14  Spawning Pool  
  17  1:17  Drone  
  17  1:20  Drone  
  18  1:28  Drone  
  19  1:39  Drone  
  20  1:49  Drone  
  21  2:01  Queen x2  
  21  2:02  Zergling x4  
  27  2:14  Hatchery  
  26  2:20  Overlord  
  26  2:23  Drone  
  26  2:26  Drone  
  28  2:30  Spore Crawler  
  28  2:37  Metabolic Boost  
  28  2:39  Drone x2  
  28  2:41  Drone  
  31  2:46  Drone  
  31  2:49  Overlord  
  32  2:54  Drone  
  32  2:55  Drone  
  34  3:01  Queen  
  36  3:10  Queen, Drone  
  36  3:12  Drone x2  
  41  3:17  Overlord  
  41  3:19  Drone  
  43  3:20  Drone  
  43  3:22  Drone  
  44  3:27  Queen  
  44  3:31  Zergling x2  
  44  3:32  Zergling x2  
  44  3:33  Drone  
  49  3:36  Drone  
  49  3:38  Drone  
  49  3:41  Queen  
  53  3:43  Drone  
  53  3:44  Drone  
  53  3:47  Overlord  
  55  3:50  Drone  
  55  3:53  Overlord  
  55  3:55  Drone  
  57  3:58  Drone  
  58  4:04  Overlord  
  58  4:05  Queen  
  58  4:07  Drone  
  58  4:09  Overlord  
  61  4:11  Drone x2  
  61  4:12  Drone  
  61  4:13  Drone  
  61  4:16  Drone  
  66  4:19  Queen  
  66  4:21  Drone  
  66  4:22  Drone  
  66  4:23  Drone  
  71  4:24  Zergling x2  
  71  4:26  Drone  
  71  4:27  Drone  
  71  4:30  Zergling x2  
  75  4:33  Spore Crawler, Drone  
  75  4:37  Spore Crawler x2  
  72  4:41  Drone  
  72  4:42  Lair  
  72  4:43  Zergling x4  
  72  4:45  Drone  
  76  4:47  Drone x2  
  76  4:48  Drone  
  76  4:50  Overlord  
  76  4:52  Drone  
  80  4:53  Drone  
  80  4:55  Drone x2  
  80  4:57  Overlord  
  80  4:58  Drone  
  84  5:02  Overlord  
  84  5:04  Drone  
  84  5:09  Drone  
  84  5:11  Drone  
  84  5:12  Drone  
  84  5:14  Extractor, Drone x3  
  89  5:15  Evolution Chamber  
  89  5:16  Evolution Chamber  
  89  5:17  Extractor, Baneling Nest, Drone  
  89  5:19  Queen  
  88  5:21  Drone  
  88  5:24  Overlord  
  88  5:29  Zergling x2  
  88  5:33  Drone x2  
  88  5:35  Drone x2  
  93  5:37  Extractor, Drone  
  93  5:41  Overseer  
  93  5:42  Hatchery, Overlord  
  92  5:43  Drone  
  92  5:45  Drone  
  92  5:48  Extractor  
  95  5:52  Extractor, Drone  
  95  5:53  Drone x2  
  95  5:55  Overlord  
  95  6:00  Zergling x16  
  95  6:02  Centrifugal Hooks  
  103  6:08  Drone  
  103  6:10  Zergling x2  
  105  6:11  Spore Crawler  
  105  6:12  Zerg Ground Armor Level 1  
  104  6:18  Drone x2  
  104  6:20  Drone  
  104  6:21  Drone x2  
  104  6:22  Overlord  
  109  6:29  Baneling x6  
  109  6:30  Zergling x2  
  109  6:31  Zergling x6  
  112  6:33  Baneling x4  
  112  6:36  Zergling x2  
  112  6:37  Hatchery  
  112  6:38  Drone x3  
  112  6:39  Spore Crawler  
  114  6:40  Zerg Melee Weapons Level 1  
  114  6:42  Zergling x4  
  114  6:47  Overlord  
  116  6:48  Drone  
  116  6:49  Drone  
  116  6:50  Drone  
  116  6:53  Overlord, Drone  
  119  6:54  Drone  
  119  6:58  Zergling x8  
  119  6:59  Hydralisk Den  
  118  7:06  Zergling x6  
  121  7:10  Baneling x11  
  121  7:11  Zergling x8  
  125  7:17  Overlord  
  125  7:22  Zergling x4  
  126  7:23  Zergling x2  
  126  7:27  Zergling x14  
  134  7:30  Muscular Augments  
  134  7:31  Zergling x4  
  134  7:33  Overlord  
  135  7:40  Hydralisk x5  
  135  7:41  Hydralisk  
  146  7:49  Hydralisk x3  
  151  7:54  Drone x5  
  151  7:55  Infestation Pit, Drone x2  
  151  7:56  Spore Crawler  
  151  7:58  Zergling x2, Hydralisk  
  154  8:01  Drone x2  
  154  8:02  Hydralisk  
  154  8:05  Zergling x2  
  161  8:07  Zerg Ground Armor Level 2  
  161  8:10  Drone x2  
  161  8:11  Drone  
  165  8:12  Drone  
  165  8:17  Hydralisk  
  167  8:20  Overlord  
  167  8:22  Drone x2  
  167  8:24  Hydralisk  
  167  8:25  Zergling x6  
  172  8:30  Overlord x2  
  172  8:31  Drone  
  172  8:32  Extractor, Drone  
  173  8:34  Hive  
  173  8:35  Spore Crawler x2  
  173  8:36  Overlord  
  173  8:38  Zerg Melee Weapons Level 2  
  170  8:42  Zergling x12  
  174  8:48  Overlord  
  174  8:49  Zergling x12  
  174  8:53  Zergling x8, Hydralisk  
  174  8:54  Zergling x4  
  174  8:55  Burrow  
  188  9:02  Zergling x20  
  198  9:05  Overlord  
  198  9:09  Zergling x4  
  199  9:13  Grooved Spines  
  195  9:34  Drone x2  
  194  9:42  Baneling x8  
  194  9:43  Baneling x7  
  194  9:46  Viper x2  
  194  9:49  Adrenal Glands  
  198  9:56  Hatchery  
  186  10:01  Viper  
  186  10:03  Zergling x24  
  186  10:05  Baneling x9  
  196  10:16  Baneling x5  
  196  10:17  Baneling x4  
  190  10:24  Zergling x16  
  190  10:25  Zergling x10  
  200  10:29  Baneling x2  
  200  10:41  Baneling x6  
  171  10:50  Zergling x22  
  171  10:51  Zergling x32  
  171  10:53  Hydralisk x2  
  171  10:55  Hydralisk  
  171  10:56  Queen x2  
  171  10:57  Hydralisk  
  171  10:58  Zergling x4  
  171  11:01  Hydralisk  
  171  11:02  Zergling x2  
  164  11:05  Zergling x4, Hydralisk  
  164  11:06  Zergling x4  
  164  11:08  Zergling x2, Hydralisk x2  
  164  11:09  Queen  
  164  11:10  Viper  
  173  11:13  Zergling x4  
  173  11:14  Baneling x13  
  173  11:16  Extractor  
  173  11:17  Zergling x10  
  179  11:20  Zergling x2  
  179  11:22  Drone  
  181  11:26  Extractor  
  181  11:27  Viper  
  181  11:28  Zergling x10  
  181  11:29  Hatchery  
  187  11:34  Zergling x8  
  187  11:36  Drone x3  
  187  11:38  Zergling x6  
  198  11:40  Zerg Ground Armor Level 3  
  198  11:42  Zergling x2  
  198  11:43  Overlord  
  198  11:45  Overlord  
  197  11:51  Hatchery  
  197  11:53  Overlord  
  196  11:55  Zerg Melee Weapons Level 3  
  194  12:04  Zergling x18  
  199  12:17  Nydus Network  
  199  12:18  Drone  
  199  12:29  Baneling x16  
  195  12:31  Drone x4  
  196  12:37  Zergling x2  
  196  12:38  Zergling x6  
  196  12:43  Zergling x4  
  200  12:49  Overseer  
  200  12:57  Overseer  
  200  13:02  Baneling x2  
  198  13:07  Zergling x12  
  198  13:08  Zergling x4  
  186  13:13  Zergling x2, Hydralisk  
  186  13:14  Zergling x32  
  186  13:18  Zergling x16  
  198  13:22  Queen  
  198  13:26  Zergling x4  
  200  13:29  Baneling x2  
  200  13:30  Baneling x5  
  199  13:37  Zergling x14  
  199  13:41  Zergling x14  
  200  13:47  Zergling x6  
  199  13:50  Zergling x12  
  199  13:54  Zergling x22  
  195  14:00  Pneumatized Carapace, Overseer  
  195  14:01  Zergling x8  
  199  14:05  Baneling x2  
  199  14:06  Zergling x8  
  199  14:07  Zergling x2  
  199  14:08  Baneling x3  
  199  14:09  Baneling x9  
  197  14:11  Zergling x6  
  197  14:12  Zergling x4  
  197  14:13  Baneling, Hydralisk  
  197  14:14  Baneling  
  186  14:17  Hydralisk x2  
  186  14:18  Zergling x8  
  186  14:21  Hydralisk x2  
  186  14:22  Zergling x4  
  186  14:23  Hydralisk x2  
  186  14:24  Zergling x2  
  183  14:28  Hydralisk  
  183  14:29  Zergling x6  
  176  14:32  Hydralisk  
  176  14:33  Zergling x10  
  176  14:35  Hydralisk  
  176  14:36  Zergling x4  
  176  14:37  Hydralisk x2  
  176  14:38  Zergling x2  
  177  14:41  Zergling x2  
  177  14:44  Drone x5  
  182  14:46  Zergling x2  
  182  14:47  Zergling x6  
  186  14:53  Zergling x12  
  186  14:54  Baneling  
  186  14:55  Baneling x37  
  186  14:56  Zergling x8  
  196  15:01  Drone x3  
  196  15:03  Zergling x2  
  196  15:04  Spore Crawler  
  199  15:07  Zergling x2  
  199  15:11  Hatchery, Zergling x2  
  199  15:12  Zergling x6  
  198  15:29  Zergling x4  
  199  15:44  Zergling x2  
  193  15:56  Zergling x20  
  200  16:01  Lurker Den  
  200  16:03  Zergling x18  
  197  16:06  Zergling x6  
  197  16:07  Zergling x6  
  199  16:14  Zergling x4  
  199  16:17  Hydralisk  
  199  16:18  Zergling x2  
  199  16:20  Zergling x2  
  199  16:23  Baneling x10  
  199  16:24  Baneling x11  
  199  16:29  Baneling  
  199  16:30  Baneling x12  
  199  16:35  Hatchery  
  198  16:46  Baneling x2  
  187  16:49  Zergling x2  
  187  16:50  Zergling x54  
  187  16:54  Baneling, Zergling x2, Hydralisk  
  188  16:55  Zergling x18  
  188  16:59  Zergling x2  
  198  17:03  Zerg Missile Weapons Level 1  
  198  17:04  Seismic Spines  
  198  17:10  Zergling x6  
  198  17:29  Viper x2  
  199  17:40  Zergling x26  
  191  17:44  Hydralisk  
  191  17:45  Zergling x24  
  179  17:51  Zergling x38  
  179  17:52  Zergling x4  
  199  18:00  Baneling x10  
  199  18:10  Baneling x9  
  199  18:11  Baneling x7  
  199  18:18  Baneling x8  
  195  18:32  Zergling x60  
  195  18:34  Zergling x6, Hydralisk  
  188  18:35  Zergling x2  
  188  18:37  Zergling x2  
  188  18:38  Zergling x2  
  188  18:41  Zergling x2  
  188  18:43  Zergling x8  
  188  18:47  Zergling x16  
  198  18:51  Zergling x2  
  198  18:54  Baneling x9  
  199  18:57  Zergling x4  
  199  18:58  Zergling x2  
  193  19:02  Zergling x2  
  193  19:03  Zergling x10  
  193  19:05  Zergling x4, Hydralisk  
  193  19:08  Zergling x4  
  193  19:09  Zergling x2  
  199  19:13  Zergling x8, Baneling  
  199  19:14  Baneling x2  
  199  19:15  Zergling x6  
  197  19:20  Baneling  
  188  19:26  Zergling x24  
  199  19:31  Baneling x21  
  198  19:42  Zergling x4  
  198  19:43  Zergling x2  
  200  19:52  Zergling x8  
Show
View Real Time Build Order
Export as new Build Order

Clem Terran 

Build Orders: Reaper Expand, Hellion Banshee 

Get SALT Encoding   

  12  0:00  SCV  
  13  0:12  SCV  
  14  0:17  Supply Depot  
  14  0:24  SCV  
  15  0:38  SCV  
  15  0:39  Barracks  
  16  0:44  Refinery  
  16  0:50  SCV  
  17  1:02  SCV  
  18  1:14  SCV  
  19  1:26  Orbital Command, Reaper  
  20  1:40  Command Center  
  20  1:48  Supply Depot  
  20  1:52  SCV  
  21  1:58  Marine  
  22  2:04  SCV  
  23  2:11  Factory  
  23  2:16  SCV  
  23  2:18  Refinery  
  23  2:20  Barracks Reactor  
  24  2:28  SCV  
  25  2:40  SCV  
  26  2:52  SCV, Orbital Command  
  26  2:57  Starport  
  27  3:01  Hellion x2  
  27  3:04  SCV  
  27  3:05  Barracks Tech Lab  
  32  3:12  Supply Depot  
  32  3:16  SCV  
  32  3:18  SCV  
  34  3:22  Hellion  
  34  3:23  Hellion  
  38  3:29  SCV  
  38  3:30  SCV  
  38  3:33  Marine  
  41  3:40  Cloaking Field, Banshee  
  41  3:41  SCV  
  45  3:42  SCV  
  45  3:48  Hellion  
  48  3:49  Supply Depot  
  48  3:52  Hellion  
  48  3:53  SCV  
  48  3:55  SCV  
  52  3:57  Barracks Tech Lab  
  52  4:06  SCV  
  52  4:07  SCV  
  54  4:18  Command Center, SCV  
  54  4:19  SCV  
  54  4:22  Stimpack  
  56  4:26  Banshee  
  56  4:31  Factory Reactor, SCV  
  60  4:32  Supply Depot  
  60  4:33  SCV  
  60  4:37  Barracks  
  61  4:41  Barracks  
  61  4:43  SCV  
  62  4:53  Marine  
  62  4:54  SCV  
  62  4:55  SCV, Supply Depot  
  62  4:59  Engineering Bay  
  65  5:00  Engineering Bay  
  65  5:06  SCV  
  66  5:07  SCV  
  66  5:11  Marine  
  68  5:16  Supply Depot  
  68  5:18  SCV  
  68  5:19  Starport Reactor, SCV  
  68  5:20  Refinery x2  
  70  5:27  Terran Infantry Armor Level 1, Terran Infantry Weapons Level 1  
  70  5:29  Marine x3  
  70  5:30  SCV, Orbital Command  
  70  5:34  Siege Tank  
  70  5:35  SCV  
  78  5:37  Marine  
  78  5:40  Marine  
  78  5:42  SCV  
  81  5:46  Marine  
  81  5:47  SCV  
  83  5:50  Marine x2  
  83  5:52  Orbital Command  
  83  5:54  SCV  
  83  5:55  Marine, Supply Depot  
  87  5:59  Medivac, SCV, Armory  
  87  6:01  Marine  
  91  6:05  Medivac  
  91  6:06  SCV  
  91  6:07  Supply Depot  
  91  6:08  Marine  
  91  6:09  Marine  
  91  6:10  Marine  
  97  6:11  SCV  
  97  6:15  Marine  
  99  6:18  SCV  
  99  6:19  SCV  
  99  6:20  Siege Tank, Marine  
  99  6:23  Supply Depot  
  99  6:24  SCV  
  106  6:26  Marine  
  106  6:27  Marine  
  106  6:30  SCV  
  106  6:31  Marine, SCV  
  111  6:35  Combat Shield  
  111  6:36  SCV  
  111  6:39  Marine  
  113  6:40  Supply Depot  
  113  6:43  SCV x2  
  113  6:45  Barracks  
  114  6:48  Barracks, SCV  
  114  6:49  Marine  
  114  6:54  Marine  
  111  6:55  SCV x2  
  111  6:57  Siege Tank  
  111  7:00  SCV  
  114  7:02  Marine  
  114  7:03  Supply Depot  
  114  7:05  Medivac  
  114  7:06  Medivac  
  114  7:07  SCV x2  
  121  7:11  Marine  
  121  7:12  SCV, Supply Depot  
  121  7:13  Refinery  
  123  7:16  Factory  
  123  7:18  Marine  
  122  7:22  Marine  
  122  7:25  Terran Infantry Weapons Level 2  
  122  7:26  SCV x2, Supply Depot  
  122  7:27  SCV  
  123  7:31  Marine x2  
  123  7:35  Barracks Reactor  
  126  7:39  Barracks Reactor, Supply Depot  
  126  7:41  Command Center  
  126  7:44  Marine  
  125  7:48  Siege Tank  
  125  7:49  Marine  
  125  7:50  Marine  
  131  7:52  Supply Depot  
  131  7:56  Marine  
  131  7:58  Medivac x2  
  134  8:01  Factory Tech Lab  
  134  8:02  Marine  
  138  8:05  SCV, Supply Depot  
  138  8:06  SCV x2  
  138  8:07  Marine  
  138  8:08  Marine  
  138  8:12  Barracks  
  141  8:13  Marine  
  141  8:14  Barracks  
  141  8:15  Marine x5, Barracks  
  141  8:19  Marine, Terran Infantry Armor Level 2  
  147  8:24  Marine  
  147  8:25  Siege Tank  
  147  8:26  Marine  
  150  8:30  Supply Depot  
  150  8:32  Siege Tank  
  150  8:34  Marine x3  
  154  8:35  Marine, Refinery  
  154  8:36  Marine  
  154  8:37  Marine  
  154  8:41  Marine  
  160  8:45  Marine  
  160  8:47  Terran Vehicle Weapons Level 1  
  161  8:49  Supply Depot  
  161  8:52  Marine  
  163  8:55  SCV x3  
  163  8:57  Marine  
  163  8:59  Siege Tank  
  163  9:01  Concussive Shells  
  163  9:02  Barracks Tech Lab x2  
  169  9:03  Marine x2  
  169  9:04  Marine x2, Barracks Tech Lab  
  173  9:10  Siege Tank, Marine x2  
  173  9:11  SCV x3  
  173  9:13  Marauder  
  173  9:14  Marine  
  173  9:15  Marine  
  185  9:21  Planetary Fortress, Marine x2, Sensor Tower  
  185  9:23  Marine x2  
  189  9:25  Marauder  
  189  9:28  Marauder  
  189  9:29  Marauder  
  194  9:32  Marine x2  
  194  9:33  Marine  
  194  9:35  Marine  
  194  9:38  Medivac x2  
  200  9:49  Command Center, Refinery, Sensor Tower  
  200  9:51  Refinery  
  200  9:57  Marine  
  196  10:00  Marauder  
  196  10:02  Marine x2  
  196  10:04  Marauder  
  196  10:14  Marauder x2  
  196  10:16  Ghost Academy  
  196  10:18  Marine, Terran Infantry Weapons Level 3  
  196  10:21  Marauder  
  196  10:23  Siege Tank  
  196  10:25  Marauder, Marine x2  
  196  10:26  Marine  
  199  10:33  Command Center  
  199  10:45  Marine  
  199  10:46  Marine  
  199  10:49  Siege Tank, Marine x2  
  182  10:50  Marauder x2, Marine x3  
  182  10:51  Medivac  
  182  10:52  Medivac, Marine  
  182  10:53  Marauder x2  
  182  10:55  Siege Tank  
  160  11:03  Marine x2  
  145  11:07  Marine x2  
  145  11:08  Marine x3  
  145  11:10  Marine  
  149  11:11  Marine x2  
  149  11:13  Marine x2  
  149  11:14  SCV x2  
  149  11:17  SCV  
  156  11:21  Siege Tank, Marine x2  
  156  11:22  Bunker, SCV  
  156  11:25  Marine x3  
  164  11:28  Marine x3  
  164  11:29  Terran Infantry Armor Level 3  
  168  11:35  Ghost  
  168  11:36  Ghost  
  168  11:38  Ghost  
  174  11:40  Factory  
  174  11:43  Planetary Fortress  
  174  11:45  Marine  
  171  11:47  Orbital Command  
  171  11:52  Marauder, Marine, Sensor Tower  
  171  11:53  Siege Tank  
  177  11:56  Factory Tech Lab  
  177  12:00  Marine x2  
  178  12:02  Marine  
  178  12:03  Medivac  
  178  12:04  Marine x2  
  178  12:08  Ghost  
  181  12:09  Refinery  
  183  12:18  Refinery, Ghost  
  183  12:22  Terran Vehicle Weapons Level 2  
  184  12:24  Siege Tank  
  184  12:25  Siege Tank  
  184  12:27  Marine  
  184  12:28  Marine x4  
  184  12:29  Factory Tech Lab  
  193  12:30  Marauder  
  193  12:35  Marine  
  193  12:36  Marine  
  192  12:40  Marine  
  192  12:43  Marauder x2  
  196  12:46  Command Center  
  196  12:52  Missile Turret x2  
  196  12:58  Siege Tank  
  199  12:59  Command Center, Marine  
  199  13:00  Missile Turret  
  200  13:07  Orbital Command  
  200  13:09  Orbital Command  
  200  13:10  Siege Tank, Marine  
  185  13:14  Marine  
  185  13:16  Liberator, Ghost  
  185  13:18  Marine x2, SCV  
  179  13:24  Siege Tank, SCV x2  
  184  13:31  Siege Tank  
  184  13:32  Marauder, Marine  
  186  13:38  Medivac  
  186  13:39  Marine x2  
  186  13:40  SCV  
  177  13:46  Sensor Tower  
  172  13:53  Marine, Ghost  
  172  13:55  Siege Tank  
  166  13:58  Marauder x2, Marine  
  166  14:00  Marine x2  
  166  14:01  Marine  
  172  14:03  Marine  
  172  14:06  Siege Tank  
  175  14:15  Siege Tank, Marine x3  
  175  14:16  Ghost  
  178  14:18  Medivac  
  178  14:19  Medivac  
  178  14:23  Marine x3  
  169  14:24  Marine  
  169  14:25  Marine  
  163  14:35  Siege Tank, Marauder  
  163  14:36  Marine  
  163  14:37  Marine x2  
  139  14:39  Marine  
  139  14:43  Marine x2  
  128  14:46  SCV  
  128  14:47  SCV x2  
  128  14:48  Medivac  
  128  14:49  Medivac  
  128  14:50  Orbital Command  
  128  14:52  Marine  
  136  14:54  SCV x2  
  136  14:58  SCV  
  136  14:59  SCV  
  140  15:02  Siege Tank, Marine  
  140  15:06  Orbital Command  
  144  15:07  SCV  
  144  15:13  SCV  
  146  15:14  Siege Tank, Marine  
  146  15:17  SCV  
  146  15:18  Sensor Tower  
  146  15:19  Siege Tank  
  154  15:26  Marine  
  155  15:31  Liberator x2  
  155  15:32  Marauder  
  155  15:33  Marine  
  155  15:34  Siege Tank  
  155  15:35  Marine  
  168  15:39  Marine x5  
  168  15:40  Ghost  
  175  15:44  Ghost  
  175  15:47  Marine  
  175  15:48  Marine  
  178  15:53  Ghost  
  175  15:57  Siege Tank  
  172  16:06  Siege Tank  
  172  16:08  Siege Tank, Marine x3  
  172  16:09  Ghost  
  180  16:12  Command Center  
  180  16:15  Missile Turret  
  169  16:21  Liberator x2  
  175  16:27  Bunker, Refinery  
  175  16:28  Refinery  
  175  16:29  Siege Tank  
  175  16:30  Terran Vehicle Weapons Level 3  
  178  16:36  Marauder  
  178  16:37  Marine  
  178  16:38  Siege Tank  
  184  16:40  Siege Tank  
  181  16:48  Marine x2  
  181  16:52  Marine  
  165  16:55  Marine, Ghost  
  165  17:00  Marine  
  163  17:01  Siege Tank  
  163  17:04  Medivac  
  163  17:06  Marine  
  163  17:07  Marine  
  170  17:10  Siege Tank  
  170  17:12  Siege Tank  
  176  17:17  Liberator  
  176  17:18  Marine x3  
  176  17:21  Marauder, Marine  
  184  17:30  Marine x3  
  184  17:33  Siege Tank, Marine x2  
  189  17:40  Marine x2  
  189  17:41  Marine  
  189  17:42  Siege Tank, Marine  
  189  17:43  Marine  
  182  17:44  Siege Tank  
  182  17:45  Marine  
  182  17:50  SCV  
  176  17:52  Marine x2  
  178  18:00  Marine x2  
  178  18:02  Marine  
  178  18:03  Marine x2  
  178  18:05  Siege Tank, Orbital Command  
  186  18:07  Orbital Command  
  186  18:12  Orbital Command  
  186  18:13  Marine  
  186  18:14  Siege Tank  
  186  18:16  Siege Tank  
  191  18:28  Marine x2  
  191  18:29  Marine  
  191  18:34  Marine  
  143  18:37  Siege Tank, Marine x3  
  143  18:40  Marauder  
  139  18:43  Marine  
  139  18:44  Marine  
  139  18:46  Siege Tank  
  131  18:48  Siege Tank  
  131  18:50  Marine x2  
  131  18:51  Liberator  
  139  18:56  Liberator  
  139  18:57  Marine  
  139  19:02  Marine x2  
  130  19:10  Siege Tank, Marine x2  
  130  19:11  Marine x4  
  130  19:12  Marine x2  
  130  19:14  Marine  
  127  19:19  Marine  
  127  19:20  Marine x2  
  127  19:23  Siege Tank  
  132  19:28  Marine  
  132  19:29  Marine  
  134  19:32  Marine x2  
  134  19:35  Orbital Command  
  134  19:37  SCV  
  132  19:38  Siege Tank, Marine  
  132  19:39  Marine  
  132  19:41  SCV  
  132  19:44  SCV  
  139  19:52  SCV  
  143  19:55  SCV x2  
Tags
 
Add a new tag
Caveats
  • Supply blocks, unpowered buildings, or Contaminate may cause inaccurate times.
  • Supply counts are checked every 10 seconds.